 Dungeon Crawl Stone Soup version 0.29.0-15-g675c0067aa (webtiles) character file.

Game seed: 2869599601055089051

217 qw the Chopper (level 5, -5/32 HPs)
             Began as a Gargoyle Fighter on Sept 12, 2022.
             Hit by a boomerang thrown by an orc warrior (11 damage)
             ... on level 4 of the Dungeon.
             The game lasted 00:01:18 (3352 turns).

qw the Chopper (Gargoyle Fighter)                   Turns: 3352, Time: 00:01:19

Health: -5/32      AC: 10    Str: 22    XL:     5   Next: 94%
Magic:  5/5        EV:  9    Int:  8    God:
Gold:   213        SH:  4    Dex:  9    Spells: 4/4 levels left

rFire   . . .      SeeInvis .   Y - +0 war axe
rCold   + + .      Faith    .   c - +0 buckler
rNeg    + . .      Spirit   .   b - +0 scale mail
rPois   inf        Reflect  .   (no helmet)
rElec   +          Harm     .   (no cloak)
rCorr   .          Rampage  .   (no gloves)
Will    .....                   (no boots)
Stlth   ..........              (no amulet)
HPRegen 0.10/turn               e - ring of protection from cold
MPRegen 0.09/turn               (no ring)

@: no status effects
A: sickness immunity, AC +4, negative energy resistance 1, electricity
resistance, torment resistance 1, petrification resistance, cold resistance 1,
noise suppression
a: no special abilities


You were on level 4 of the Dungeon.
You visited 1 branch of the dungeon, and saw 4 of its levels.

You collected 213 gold pieces.


Innate Abilities, Weirdness & Mutations

You are immune to sickness and miasma.
Your stone body is resilient. (AC +4)
You are immune to poison.
You resist negative energy. (rN+)
You are resistant to electric shocks. (rElec)
You are resistant to unholy torment.
You are immune to petrification.
Your flesh is cold resistant. (rC+)
You passively dampen the noise of your surroundings.


   Skills:
 + Level 3.6 Fighting
 - Level 5.0 Axes
 - Level 1.4 Throwing
 - Level 3.2 Armour
 - Level 3.2 Shields


You had 4 spell levels left.
You didn't know any spells.
Your spell library was empty.

Inventory:

Hand Weapons
 v - a +0 flail
 Y - a +0 war axe (weapon)
Missiles
 s - 2 silver boomerangs (quivered)
Armour
 b - a +0 scale mail (worn)
 c - a +0 buckler (worn)
 p - a +0 chain mail
Jewellery
 e - a ring of protection from cold (left hand)
Scrolls
 f - 2 scrolls of fog
 g - a scroll of teleportation
 t - a scroll of identify
Potions
 a - a potion of brilliance {unknown}
 d - a potion of might
 h - a potion of mutation
 i - a potion of magic {unknown}
 j - a potion of degeneration {unknown}
 k - a potion of lignification {unknown}
 l - 3 potions of heal wounds
 m - a potion of haste
 n - 4 potions of curing
 o - a potion of ambrosia {unknown}
 r - 2 potions of resistance {unknown}
 u - a potion of attraction {unknown}

Dungeon Overview and Level Annotations

Branches:
Dungeon (4/15)
 Temple: D:4-7

Altars:
Makhleb


Message History

You block the orc wizard's attack.
You closely miss the orc wizard.
The orc wizard is heavily wounded.
You block the orc wizard's attack.
An orc warrior comes into view. It is wielding a +0 flail.
The orc wizard hits you with a +0 dagger.
You barely miss the orc wizard.
The orc wizard is heavily wounded.
The orc warrior shouts!
The orc wizard closely misses you.
You closely miss the orc wizard.
The orc wizard is heavily wounded.
The orc wizard barely misses you.
You hit the orc wizard.
The orc wizard is severely wounded.
The orc wizard closely misses you.
You completely miss the orc wizard.
The orc wizard is severely wounded.
The orc warrior throws a boomerang.
The boomerang hits you.
The orc wizard casts a spell.
The orc wizard flickers and vanishes!
Deactivating autopickup; reactivate with Ctrl-A.
You block something's attack.
3341 ||| FLEEEEING.
The orc warrior throws a boomerang.
Reactivating autopickup.
You feel a bit more experienced.
Items here: % )) [.
3342 ||| FLEEEEING.
3345 ||| FLEEEEING.
The orc warrior throws a boomerang.
The boomerang barely misses you.
3346 ||| FLEEEEING.
3348 ||| FLEEEEING.
3349 ||| FLEEEEING.
3350 ||| FLEEEEING.
The orc warrior throws a boomerang.
The boomerang hits you.
3351 ||| FLEEEEING.
3352 ||| FLEEEEING.
The orc warrior throws a boomerang.
The boomerang hits you!
You die...

#.#......####
#.#.....## .#
#.##.#.## ..##
#......# #..## .
####.### #...# . #.#
#).# (. #.# ###..#
#..
##.########....##...
#.#@.....o....##o..
##.#########..#..#
### ##.#)####
#)o....? #...####
##..# ##.# #.# #.#


You could see an orc warrior.

Vanquished Creatures
  An orc priest (D:4)
  6 adders
  3 gnolls (D:4)
  7 orcs
  8 ball pythons
  4 bats
  5 endoplasms
  4 giant cockroaches
  3 goblins
  9 hobgoblins
  6 jackals (D:4)
  15 kobolds
  2 quokkas
  3 frilled lizards (D:2)
  7 rats
83 creatures vanquished.

Vanquished Creatures (others)
  An orc wizard (D:4)
1 creature vanquished.

Grand Total: 84 creatures vanquished

Notes
Turn   | Place    | Note
-------+----------+-------------------------------------------
     0 | D:1      | qw the Gargoyle Fighter began the quest for the Orb.
     0 | D:1      | Reached XP level 1. HP: 14/14 MP: 1/1
     0 | D:1      | 0 ||| qw: Version: 0.1-a-119-g272c26d
     0 | D:1      | 0 ||| qw: Game counter: 10922
     0 | D:1      | 0 ||| qw: Always use a shield: true
     0 | D:1      | 0 ||| qw: God list: Okawaru
     0 | D:1      | 0 ||| qw: Allow faded altars: false
     0 | D:1      | 0 ||| qw: Do Orc after D:15 true
     0 | D:1      | 0 ||| qw: Do second Lair branch before Depths: true
     0 | D:1      | 0 ||| qw: Lair rune preference: random
     0 | D:1      | 0 ||| qw: Plans: Normal, Zot, God:TSO, Crypt, Tomb, Pan,
                  | Slime, Hells, Zig, Abyss, Orb
     0 | D:1      | 0 ||| PLANNING D:1-11
    83 | D:1      | Reached skill level 2 in Axes
   163 | D:1      | Reached XP level 2. HP: 19/19 MP: 2/2
   309 | D:1      | 309 ||| Stepping ~*~*~tactically~*~*~ (stealth).
   324 | D:1      | Found a faded altar of an unknown god.
   363 | D:1      | 363 ||| Stepping ~*~*~tactically~*~*~ (stealth).
   365 | D:1      | 365 ||| Stepping ~*~*~tactically~*~*~ (stealth).
   366 | D:1      | 366 ||| READING scroll labelled WIFEOKHL HOCEWU.
   371 | D:1      | 371 ||| READING scroll labelled FONKOU QAURCHU.
   380 | D:1      | Reached skill level 3 in Axes
   606 | D:1      | Reached XP level 3. HP: 23/23 MP: 3/3
   780 | D:1      | 780 ||| READING scroll labelled MEVVOW LAIZ.
   881 | D:1      | 881 ||| DRINKING 2 golden potions.
  1001 | D:2      | 1001 ||| Stepping ~*~*~tactically~*~*~ (stealth).
  1007 | D:2      | 1007 ||| Stepping ~*~*~tactically~*~*~ (stealth).
  1016 | D:2      | 1016 ||| Stepping ~*~*~tactically~*~*~ (stealth).
  1017 | D:2      | 1017 ||| Stepping ~*~*~tactically~*~*~ (stealth).
  1043 | D:2      | 1043 ||| DROPPING +0 club.
  1044 | D:2      | 1044 ||| Stepping ~*~*~tactically~*~*~ (stealth).
  1045 | D:2      | 1045 ||| Stepping ~*~*~tactically~*~*~ (stealth).
  1053 | D:2      | 1053 ||| Stepping ~*~*~tactically~*~*~ (stealth).
  1119 | D:2      | 1119 ||| Stepping ~*~*~tactically~*~*~ (stealth).
  1198 | D:2      | Reached XP level 4. HP: 28/28 MP: 4/4
  1467 | D:2      | Reached skill level 4 in Axes
  1535 | D:2      | 1535 ||| Stepping ~*~*~tactically~*~*~ (stealth).
  1536 | D:2      | 1536 ||| Stepping ~*~*~tactically~*~*~ (stealth).
  1789 | D:2      | 1789 ||| UPGRADING to ring of protection from cold.
  1790 | D:2      | 1790 ||| READING 2 scrolls labelled VENKU HUNAYM.
  1795 | D:2      | 1795 ||| READING scroll labelled TILIKL DOGE.
  1796 | D:2      | 1796 ||| READING scroll labelled RUGENO JILI.
  1843 | D:2      | 1843 ||| DRINKING 2 inky potions.
  1948 | D:2      | 1948 ||| DRINKING 5 glowing brown potions.
  1949 | D:2      | 1949 ||| DROPPING potion of berserk rage.
  1976 | D:3      | 1976 ||| STAIRDANCE
  2203 | D:3      | 2203 ||| Stepping ~*~*~tactically~*~*~ (stealth).
  2322 | D:3      | 2322 ||| DROPPING +0 whip.
  2490 | D:3      | Found a burning altar of Makhleb.
  2659 | D:3      | 2659 ||| READING 3 scrolls labelled USEUFU FORHINA.
  2660 | D:3      | 2660 ||| READING scroll labelled OTOICE XIEH.
  2661 | D:3      | 2661 ||| READING scroll labelled NIUCEA ESIGHUNT.
  2662 | D:3      | 2662 ||| DRINKING 2 fizzy white potions.
  2662 | D:3      | Gained mutation: You passively dampen the noise of your
                  | surroundings. [potion of mutation]
  2662 | D:3      | Gained mutation: Your flesh is cold resistant. (rC+)
                  | [potion of mutation]
  2663 | D:3      | 2663 ||| DRINKING 2 smoky black potions.
  2802 | D:4      | Reached XP level 5. HP: 27/32 MP: 5/5
  2854 | D:4      | 2854 ||| Stepping ~*~*~tactically~*~*~ (stealth).
  3031 | D:4      | Reached skill level 5 in Axes
  3173 | D:4      | 3173 ||| Stepping ~*~*~tactically~*~*~ (hiding).
  3188 | D:4      | Reached skill level 1 in Throwing
  3336 | D:4      | Noticed an orc warrior
  3340 | D:4      | HP: 8/32 [orc warrior/boomerang (4)]
  3341 | D:4      | 3341 ||| FLEEEEING.
  3342 | D:4      | 3342 ||| FLEEEEING.
  3345 | D:4      | 3345 ||| FLEEEEING.
  3346 | D:4      | 3346 ||| FLEEEEING.
  3348 | D:4      | 3348 ||| FLEEEEING.
  3349 | D:4      | 3349 ||| FLEEEEING.
  3350 | D:4      | 3350 ||| FLEEEEING.
  3350 | D:4      | HP: 6/32 [orc warrior/boomerang (3)]
  3351 | D:4      | 3351 ||| FLEEEEING.
  3352 | D:4      | 3352 ||| FLEEEEING.
  3352 | D:4      | Hit by a boomerang thrown by an orc warrior

Levels and vault maps discovered:
D:1:      grunt_arrival_lava_bath, layout_basic,
          ebering_ecumenical_altar_abandoned, serial_glass, glass_columns_b,
          glass_columns_c
D:2:      layout_loops_corners, minmay_misc_feat_chi
D:3:      layout_basic, lightli_temple_of_fire, hex_medium
D:4:      layout_loops_corners, solitary_fountain, corexii_corridor_pit,
          guppyfry_early_orc_mine, uniq_blork_the_orc

Skill      XL: |  1  2  3  4  5 |
---------------+----------------+-----
Axes           | 2 3 4 5 |  5.0
Throwing       | 1 |  1.4
Fighting       | |  3.6
Armour         | |  3.2
Shields        | |  3.2

Action                   |  1- 3 |  4- 6 || total
-------------------------+-------+-------++-------
Melee: War axe           |   116 |   139 ||   255
Throw: Boomerang         |       |    41 ||    41
  Use: Scroll            |     3 |     6 ||     9
       Potion            |     1 |     4 ||     5
Armor: Scale mail        |    53 |    61 ||   114
Dodge: Dodged            |    38 |    71 ||   109
Block: Buckler           |    27 |    34 ||    61

Table legend:
 A = Non-vault XP
 B = Vault XP
 C = Vault XP percentage of total XP
 D = Non-vault monster count
 E = Vault monster count
 F = Vault count percentage of total count
                 A         B        C        D         E       F
            +---------+---------+-------+---------+---------+-------
      Total |     239 |      72 |  23.2 |      79 |       5 |   6.0
            +---------+---------+-------+---------+---------+-------
        D:1 |      45 |       0 |   0.0 |      26 |       0 |   0.0
        D:2 |      57 |       0 |   0.0 |      24 |       0 |   0.0
        D:3 |      51 |       0 |   0.0 |      15 |       0 |   0.0
        D:4 |      86 |      72 |  45.6 |      14 |       5 |  26.3
            +---------+---------+-------+---------+---------+-------
